 Dungeon Crawl Stone Soup version 0.31-a0-219-g8d62b2e7bb (webtiles) character file.

Game seed: 7009003147252627810

424 qw the Shooter (level 6, 0/38 HPs)
             Began as a Gargoyle Hexslinger on July 3, 2023.
             Slain by an orc
             ... wielding a +0 flail
              (2 damage)
             ... on level 4 of the Dungeon.
             The game lasted 00:01:30 (2980 turns).

qw the Shooter (Gargoyle Hexslinger)                Turns: 2980, Time: 00:01:31

Health: 0/38       AC: 13    Str: 11    XL:     6   Next: 96%
Magic:  0/7        EV: 10    Int: 14    God:
Gold:   192        SH:  0    Dex: 14    Spells: 6/7 levels left

rFire   . . .        Y - +1 sling
rCold   . . .        (no shield)
rNeg    + . .        a - +0 ring mail
rPois   inf          (no helmet)
rElec   +            (no cloak)
rCorr   .            (no gloves)
SInv    .            (no boots)
Will    .....        c - amulet of guardian spirit
Stlth   +            h - +4 ring of protection
HPRegen 0.26/turn    (no ring)
MPRegen 0.10/turn

%: guardian spirit
@: no status effects
A: sickness immunity, AC +4, negative energy resistance 1, electricity
resistance, torment resistance 1, petrification resistance
a: no special abilities


You were on level 4 of the Dungeon.
You visited 1 branch of the dungeon, and saw 4 of its levels.

You collected 192 gold pieces.


Innate Abilities, Weirdness & Mutations

You are immune to sickness and miasma.
Your stone body is resilient. (AC +4)
You are immune to poison.
You resist negative energy. (rN+)
You are resistant to electric shocks. (rElec)
You are resistant to unholy torment.
You are immune to petrification.


   Skills:
 - Level 4.0 Fighting
 + Level 6.0 Ranged Weapons
 - Level 1.0 Armour
 - Level 1.5 Dodging
 - Level 1.0 Spellcasting
 - Level 2.6 Hexes


You had 6 spell levels left.
You knew the following spells:

 Your Spells              Type           Power      Damage    Failure   Level
a - Slow                  Hex            32%        N/A       21%         1

Your spell library contained the following spells:

 Spells                   Type           Power      Damage    Failure   Level
 Inner Flame              Hex/Fire       4%         N/A       71%         3
 Portal Projectile        Hex/Tloc       8%         N/A       71%         3
 Cause Fear               Hex            4%         N/A       90%         4

Inventory:

Hand Weapons
 Y - a +1 sling (weapon)
Armour
 a - a +0 ring mail (worn)
Jewellery
 c - an amulet of guardian spirit (around neck)
 h - a +4 ring of protection (left hand)
Scrolls
 d - 5 scrolls of identify
 f - a scroll of enchant armour {unknown}
Potions
 b - a potion of mutation
 e - 2 potions of enlightenment

Dungeon Overview and Level Annotations

Branches:
Dungeon (4/15)
 Temple: D:4-7

Altars:
Cheibriados
Hepliaklqana
Nemelex Xobeh
Sif Muna

Shops:
D:1 !   D:2 =


Message History

The orc completely misses you. The orc barely misses you.
The orc hits you with a +0 club. The orc hits you but does no damage. x2
You shoot a sling bullet. The sling bullet barely misses the orc.
The orc hits you but does no damage. The orc hits you with a +0 flail.
The orc hits you but does no damage.
You shoot a sling bullet.
The sling bullet hits the orc but does no damage.
The orc barely misses you. The orc hits you but does no damage.
The orc barely misses you.
You shoot a sling bullet.
The sling bullet completely misses the orc.
The orc hits you with a +0 flail. The orc barely misses you.
The orc hits you with a +0 club.
You shoot a sling bullet. The sling bullet hits the orc.
The orc is heavily wounded.
The orc hits you with a +0 club. The orc hits you but does no damage. x3
The orc barely misses you. The orc hits you but does no damage.
You shoot a sling bullet. The sling bullet barely misses the orc.
The orc hits you but does no damage. x2; The orc hits you with a +0 club.
You shoot a sling bullet.
The sling bullet hits the orc but does no damage.
The orc is heavily wounded.
The orc hits you but does no damage. The orc barely misses you.
The orc hits you but does no damage.
You shoot a sling bullet. The sling bullet hits the orc.
The orc is almost dead.
The orc barely misses you. The orc hits you with a +0 flail!
The orc barely misses you.
You shoot a sling bullet.
The sling bullet hits the orc but does no damage.
The orc is almost dead.
The orc hits you but does no damage. x2; The orc barely misses you. x2
The orc closely misses you. The orc barely misses you.
You shoot a sling bullet. The sling bullet hits the orc.
You kill the orc!
The orc barely misses you. x2
You shoot a sling bullet. The sling bullet hits the orc.
The orc is lightly wounded.
The orc hits you with a +0 flail.
You die...

#............# #.
#...########.# #.
#...########.###.
#...#...>........
#...#.######.####
#...#.## #.#
##......# #.#
##.)..#..# #.#
#o@#..#..#####.#
#o##..........#.
#o ##........###
.. ###..####.#
... ##.#####.#
}... #.......#
....8 #.#####.#
#._.## ##....#
##### ###.....#..


You could see 3 orcs.

Vanquished Creatures
  A scorpion (D:4)
  A vampire bat (D:4)
  A howler monkey (D:4)
  Terence (D:2)
  An iguana (D:4)
  3 gnolls (D:4)
  4 adders
  A worm (D:2)
  3 dart slugs
  3 fire bats (D:4)
  10 orcs
  2 spectral bats (D:4)
  6 ball pythons
  3 bat skeletons (D:4)
  A bat zombie (D:4)
  4 endoplasms
  3 giant cockroaches
  9 goblins
  6 hobgoblins
  6 jackals (D:1)
  6 kobolds
  3 quokkas (D:1)
  13 bats
  A bat simulacrum (D:4)
  2 frilled lizards
  4 rats
98 creatures vanquished.

Notes
Turn   | Place    | Note
-------+----------+-------------------------------------------
     0 | D:1      | qw the Gargoyle Hexslinger began the quest for the Orb.
     0 | D:1      | Reached XP level 1. HP: 12/12 MP: 2/2
     0 | D:1      | 0 ||| qw: Version: 0.3-a-40-ge99b1a8
     0 | D:1      | 0 ||| qw: Game counter: 321
     0 | D:1      | 0 ||| qw: Melee chars always use a shield: true
     0 | D:1      | 0 ||| qw: God list: Okawaru
     0 | D:1      | 0 ||| qw: Allow faded altars: false
     0 | D:1      | 0 ||| qw: Do Orc after clearing Dungeon:15 true
     0 | D:1      | 0 ||| qw: Do second Lair branch before Depths: true
     0 | D:1      | 0 ||| qw: Lair rune preference: random
     0 | D:1      | 0 ||| qw: Goals: Normal
     0 | D:1      | 0 ||| PLANNING D:1-11
    99 | D:1      | Found Cowyc's Distillery.
   108 | D:1      | 108 ||| SHOPLISTING potion of curing (33 gold, have 0).
   108 | D:1      | 108 ||| SHOPLISTING potion of haste (110 gold, have 0).
   108 | D:1      | 108 ||| SHOPLISTING potion of heal wounds (55 gold, have
                  | 0).
   108 | D:1      | 108 ||| SHOPLISTING potion of might (44 gold, have 0).
   123 | D:1      | Reached XP level 2. HP: 16/16 MP: 3/3
   228 | D:1      | Reached skill level 3 in Ranged Weapons
   434 | D:1      | Reached XP level 3. HP: 19/21 MP: 4/4
   717 | D:1      | 717 ||| UPGRADING to +4 ring of protection.
   718 | D:1      | 718 ||| READING scroll labelled XOSOSO ROEVVAT.
   719 | D:1      | 719 ||| READING scroll labelled TAXISY HIWO.
   724 | D:1      | 724 ||| DROPPING scroll of poison.
   745 | D:2      | 745 ||| STAIRDANCE
   867 | D:2      | Noticed Terence
   887 | D:2      | Killed Terence
   888 | D:2      | Reached skill level 4 in Ranged Weapons
   888 | D:2      | Reached XP level 4. HP: 9/26 MP: 5/5
  1237 | D:2      | Found Tawuuli's Jewellery Emporium.
  1239 | D:2      | 1239 ||| SHOPLISTING +4 ring of slaying (936 gold, have
                  | 110).
  1239 | D:2      | 1239 ||| SHOPLISTING +5 ring of evasion (432 gold, have
                  | 110).
  1239 | D:2      | 1239 ||| SHOPLISTING ring "Baeqarack" {rPois rCorr EV+5
                  | Str-2 Int+3} (658 gold, have 110).
  1239 | D:2      | 1239 ||| SHOPLISTING ring of protection from fire (300
                  | gold, have 110).
  1372 | D:2      | 1372 ||| UPGRADING to +0 ring mail.
  1382 | D:2      | 1382 ||| DROPPING +0 robe.
  1383 | D:2      | 1383 ||| READING 3 scrolls labelled BIODGHIANYP.
  1384 | D:2      | 1384 ||| READING scroll labelled XEACHOLAZE.
  1385 | D:2      | 1385 ||| DRINKING 2 ruby potions.
  1386 | D:2      | 1386 ||| READING 2 scrolls of identify.
  1386 | D:2      | 1386 ||| IDENTIFYING grey potion
  1387 | D:2      | 1387 ||| DROPPING potion of attraction.
  1460 | D:3      | Found a sparkling altar of Nemelex Xobeh.
  1714 | D:3      | Reached skill level 1 in Armour
  1777 | D:3      | Found a shimmering blue altar of Sif Muna.
  1924 | D:3      | Reached XP level 5. HP: 30/30 MP: 6/6
  2124 | D:3      | 2124 ||| UPGRADING to amulet of guardian spirit.
  2129 | D:3      | 2129 ||| READING 4 scrolls of identify.
  2129 | D:3      | 2129 ||| IDENTIFYING metallic red potion
  2237 | D:4      | Reached skill level 5 in Ranged Weapons
  2357 | D:4      | Reached skill level 3 in Fighting
  2357 | D:4      | Reached XP level 6. HP: 37/37 MP: 5/7
  2666 | D:4      | Found a hazy altar of Hepliaklqana.
  2748 | D:4      | Reached skill level 6 in Ranged Weapons
  2762 | D:4      | HP: 9/37 [scorpion (3)]
  2763 | D:4      | 2763 ||| READING scroll of teleportation.
  2943 | D:4      | Found a snail-covered altar of Cheibriados.
  2973 | D:4      | HP: 9/38 [orc/+0 club (1)]
  2977 | D:4      | HP: 1/38 [orc/+0 flail (6)]
  2980 | D:4      | Slain by an orc

Levels and vault maps discovered:
D:1:      dpeg_arrival_simpleton_a, layout_loops_ring, serial_shops, shop,
          corner_web_ring, ebering_dispersal_statue_hall
D:2:      layout_rooms, serial_shops, nicolae_shop_gaudy_bauble, uniq_terence
D:3:      layout_basic, nemelex_xobeh_ov_fountains_minmay,
          nicolae_sif_muna_condensation
D:4:      layout_loops_ring, mainiacjoe_overflow_alcove_1,
          gammafunk_temple_overflow_pools, goddamned_bats

Skill      XL: |  1  2  3  4  5  6 |
---------------+-------------------+-----
Ranged Weapons | 3 4 5 6 |  6.0
Fighting       | 2 3 4 |  4.0
Armour         | 1 |  1.0
Dodging        | |  1.5
Spellcasting   | |  1.0
Hexes          | |  2.6

Action                     |  1- 3 |  4- 6 || total
---------------------------+-------+-------++-------
   Fire: Sling             |   139 |   311 ||   450
    Use: Scroll            |     2 |     5 ||     7
         Potion            |       |     1 ||     1
 Armour: Robe              |    63 |    17 ||    80
         Ring mail         |       |   230 ||   230
  Dodge: Dodged            |   136 |   258 ||   394

Table legend:
 A = Non-vault XP
 B = Vault XP
 C = Vault XP percentage of total XP
 D = Non-vault monster count
 E = Vault monster count
 F = Vault count percentage of total count
                 A         B        C        D         E       F
            +---------+---------+-------+---------+---------+-------
      Total |     394 |     212 |  35.0 |      77 |      21 |  21.4
            +---------+---------+-------+---------+---------+-------
        D:1 |      47 |       0 |   0.0 |      26 |       0 |   0.0
        D:2 |      53 |      36 |  40.4 |      13 |       1 |   7.1
        D:3 |      38 |       0 |   0.0 |      19 |       0 |   0.0
        D:4 |     256 |     176 |  40.7 |      19 |      20 |  51.3
            +---------+---------+-------+---------+---------+-------
